 Dungeon Crawl Stone Soup version 0.29.1-2-gbd0b4ee654 (webtiles) character file.

Game seed: 9462207659445484485

292 styxcanada the Covert (level 6, -23/30 HPs)
             Began as a Spriggan Brigand on Nov 15, 2022.
             Killed from afar by an acid dragon (27 damage)
             ... with a splash of acid
             ... on level 6 of the Dungeon.
             The game lasted 00:10:52 (2776 turns).

styxcanada the Covert (Spriggan Brigand)            Turns: 2776, Time: 00:10:53

Health: -23/30     AC:  4    Str:  7    XL:     6   Next: 10%
Magic:  7/7        EV: 19    Int: 15    God:
Gold:   92         SH:  0    Dex: 25    Spells: 5/5 levels left

rFire   . . .      SeeInvis +   e - +0 dagger (venom)
rCold   . . .      Faith    .   (no shield)
rNeg    . . .      Spirit   .   b - +1 robe
rPois   +          Reflect  .   (helmet restricted)
rElec   .          Harm     .   c - +0 cloak
rCorr   .          Rampage  .   (gloves unavailable)
Will    +....                   (boots unavailable)
Stlth   +++++.....              (no amulet)
HPRegen 0.10/turn               t - ring of Cudut {rPois Int+3}
MPRegen 0.10/turn               v - +6 ring of dexterity

@: very quick
A: very small, no large weapons, unfitting armour, see invisible, speed 3
a: no special abilities


You were on level 6 of the Dungeon.
You visited 1 branch of the dungeon, and saw 4 of its levels.

You collected 92 gold pieces.

Inventory:

Hand Weapons
 a - a +2 dagger
 e - a +0 dagger of venom (weapon)
 l - a +2 dagger of speed
 u - a +1 sling
Missiles
 d - 8 poisoned darts (quivered)
 g - 25 stones
 q - 2 curare-tipped darts
 x - 3 boomerangs
Armour
 b - a +1 robe (worn)
 c - a +0 cloak (worn)
Jewellery
 k - a ring of resist corrosion
 m - a ring of wizardry
 t - the ring of Cudut (left hand) {rPois Int+3}
   (You acquired it on level 3 of the Dungeon)

   [ring of poison resistance]

   Int:       It affects your intelligence (+3).
   rPois:     It protects you from poison.
 v - a +6 ring of dexterity (right hand)
Scrolls
 r - 3 scrolls of teleportation
Potions
 f - a potion of flight
 h - a potion of lignification
 i - a potion of heal wounds {unknown}
 j - 4 potions of curing
 n - a potion of berserk rage {unknown}
 o - 2 potions of brilliance
 p - 2 potions of mutation {unknown}
 s - 2 potions of haste {unknown}
 z - 2 potions of might {unknown}


   Skills:
 * Level 2.2 Fighting
 + Level 3.2 Short Blades
 + Level 0.4 Ranged Weapons
 + Level 2.4 Throwing
 * Level 3.2 Dodging
 * Level 9.2 Stealth


You had 5 spell levels left.
You didn't know any spells.
Your spell library was empty.

Dungeon Overview and Level Annotations

Branches:
Dungeon (3/15)

Altars:


Innate Abilities, Weirdness & Mutations

You are very small and have problems with some larger weapons.
You are too small for most types of armour.
You have supernaturally acute eyesight. (SInv)
You cover ground extremely quickly. (Speed+++)


Message History

You are poisoned.
The scorpion poisons you!
You hit the scorpion but do no damage.
The scorpion is poisoned.
You feel sick.
The acid dragon roars!
The bullfrog releases a deep croak.
The bullfrog barely misses you.
You hit the scorpion but do no damage.
The scorpion looks as sick as possible!
The scorpion is lightly wounded.
You feel sick. The scorpion barely misses you. The bullfrog barely misses you.
You hit the scorpion but do no damage.
The scorpion looks as sick as possible!
The scorpion is severely wounded.
You feel sick.
You kill the scorpion!
The bullfrog hits you but does no damage.
Your Dodging skill increases to level 3!
You closely miss the bullfrog.
You feel sick. The bullfrog misses you.
You barely miss the bullfrog. The bullfrog misses you. The bullfrog hits you.
* * * LOW HITPOINT WARNING * * *
Found a scroll of identify.
You feel sick.
The howler monkey howls!
You open the door.
A black bear comes into view.
You feel sick. The bullfrog misses you.
You feel sick.
There is an open door here.
Found a scroll labelled RAFUIR RIMEDE.
Found a scroll of acquirement.
You feel sick.
You are no longer poisoned.
The helpless black bear fails to defend itself.
You perforate the black bear like a sieve!!!
You kill the black bear!
The bullfrog hits you but does no damage.
Your Stealth skill increases to level 9!
You have reached level 6!
You see here a black bear corpse.
You open the door. The acid dragon spits acid at you.
The splash of acid hits you!!
Ouch! That really hurt!
You die...

..... .##
#.##
.......
#?# #..#
.......
#$##+##.#
#####..
#?#.†.'.#
#..
+?#..8###
#+
#)##'##
#.8#$#8n#
#..###F.#
#.D'@.##
#######


You could see an acid dragon (catching breath), a necrophage and a bullfrog.

Vanquished Creatures
  A black bear (D:6)
  A scorpion (D:6)
  Terence (D:2)
  An orc wizard (D:3)
  4 gnolls (D:2)
  An adder (D:3)
  A worm (D:3)
  3 orcs (D:3)
  6 bats
  5 endoplasms
  A giant cockroach (D:2)
  4 hobgoblins
  7 ball pythons
  2 frilled lizards (D:1)
  5 goblins
  5 kobolds
  5 rats
53 creatures vanquished.

Notes
Turn   | Place    | Note
-------+----------+-------------------------------------------
     0 | D:1      | styxcanada the Spriggan Brigand began the quest for the
                  | Orb.
     0 | D:1      | Reached XP level 1. HP: 10/10 MP: 2/2
    64 | D:1      | Reached skill level 6 in Stealth
   477 | D:1      | Reached XP level 2. HP: 13/15 MP: 3/3
  1257 | D:2      | Found a faded altar of an unknown god.
  1474 | D:2      | Reached XP level 3. HP: 18/18 MP: 4/4
  1509 | D:2      | Reached skill level 7 in Stealth
  2059 | D:2      | Noticed Terence
  2060 | D:2      | Killed Terence
  2061 | D:2      | Reached XP level 4. HP: 23/23 MP: 5/5
  2335 | D:3      | Reached skill level 8 in Stealth
  2500 | D:3      | Reached XP level 5. HP: 26/26 MP: 6/6
  2506 | D:3      | Identified a scroll of acquirement
  2506 | D:3      | Acquired the ring of Cudut {rPois Int+3}
  2689 | D:3      | You fall into a shaft and drop 3 floors!
  2763 | D:6      | Noticed an acid dragon
  2770 | D:6      | Noticed a black bear
  2774 | D:6      | Killed a black bear
  2775 | D:6      | Reached skill level 9 in Stealth
  2775 | D:6      | Reached XP level 6. HP: 4/30 MP: 7/7
  2776 | D:6      | Killed from afar by an acid dragon

Illustrated notes

Levels and vault maps discovered:
D:1:      dpeg_arrival_tiny_h, layout_basic, roderic_roman_lattice
D:2:      layout_basic, ebering_ecumenical_altar_webs, kennysheep_donut,
          minmay_tree_intersection, uniq_terence
D:3:      layout_basic, minivault_23, mrwooster_statue_mirror,
          minmay_fountain_box
D:6:      minmay_chambers_of_sixes, layout_basic, minmay_temple_entry_mist,
          ebering_ghost_sewer_d, serial_shops, kennysheep_mini

Skill      XL: |  1  2  3  4  5 |
---------------+----------------+-----
Stealth        | 6 7 8 9 |  9.2
Dodging        | 2 3 |  3.2
Fighting       | 2 |  2.2
Short Blades   | 3 |  3.2
Ranged Weapons | |  0.4
Throwing       | |  2.4

Action                   |  1- 3 |  4- 6 || total
-------------------------+-------+-------++-------
Melee: Dagger            |    67 |    37 ||   104
 Fire: Sling             |     1 |     8 ||     9
Throw: Dart              |    11 |     8 ||    19
  Use: Scroll            |     7 |     3 ||    10
 Stab: Sleeping          |    10 |     9 ||    19
Armor: Robe              |     3 |     4 ||     7
Dodge: Dodged            |    27 |    17 ||    44
